| TOP OF THE 1ST |
|
Texas Rangers batting - Pitching for Chicago White Sox : RHP Jacob Taylor
|
|
Pitching: RHP Jacob Taylor
|
|
|
Batting: SHB Jun Tsuda
|
0-0: Called Strike 0-1: Foul Ball, location: 2F 0-2: Foul Ball, location: 2F 0-2: Strikes out looking
|
|
Batting: LHB Sean Geisler
|
0-0: Ball 1-0: Foul Ball, location: 2F 1-1: Ball 2-1: Swinging Strike 2-2: Strikes out swinging
|
|
Batting: SHB John Giesbrecht
|
0-0: Called Strike 0-1: Called Strike 0-2: Foul Ball, location: 2F 0-2: Foul Ball, location: 2F 0-2: Ball 1-2: Ball 2-2: Ball 3-2: Foul Ball, location: 2F 3-2: Ground out U3 (Groundball, 3L, EV 106.9 MPH)
|
| Top of the 1st over - 0 runs, 0 hits, 0 errors, 0 left on base; Texas 0 - Chicago 0 |
| BOTTOM OF THE 1ST |
|
Chicago White Sox batting - Pitching for Texas Rangers : RHP Hector Aguado
|
|
Pitching: RHP Hector Aguado
|
|
|
Batting: LHB Sidney Pedder
|
0-0: Ground out U3 (Groundball, 3, EV 95.6 MPH)
|
|
Batting: SHB Cesar Herrera
|
0-0: Ball 1-0: Called Strike 1-1: Called Strike 1-2: Ball 2-2: Strikes out looking
|
|
Batting: LHB Randy Rosenberry
|
0-0: Ball 1-0: Swinging Strike 1-1: Ball 2-1: Foul Ball, location: 2F 2-2: Ball 3-2: Strikes out swinging
|
| Bottom of the 1st over - 0 runs, 0 hits, 0 errors, 0 left on base; Texas 0 - Chicago 0 |
| TOP OF THE 2ND |
|
Texas Rangers batting - Pitching for Chicago White Sox : RHP Jacob Taylor
|
|
Batting: SHB Moe Lester
|
0-0: Ball 1-0: Ball 2-0: Ball 3-0: Reached on error, E3 (Groundball, 3, EV 85.0 MPH)
|
|
Batting: RHB Butch Kaiser
|
0-0: Ball Moe Lester steals 2nd base 1-0: Fly out, F7 (Flyball, 78M, EV 78.1 MPH)
|
|
Batting: LHB Cody Schumacher
|
0-0: Fly out, F7 (Flyball, 7D, EV 88.1 MPH) Runner from 2nd tags up, SAFE at 3rd with throw by LF
|
|
Batting: RHB Ray Llewellyn
|
0-0: Ball 1-0: Called Strike 1-1: Ball 2-1: Ground out U3 (Groundball, 34S, EV 86.2 MPH)
|
| Top of the 2nd over - 0 runs, 0 hits, 1 error, 1 left on base; Texas 0 - Chicago 0 |
| BOTTOM OF THE 2ND |
|
Chicago White Sox batting - Pitching for Texas Rangers : RHP Hector Aguado
|
|
Batting: SHB Junzo Kato
|
0-0: Ball 1-0: Called Strike 1-1: Called Strike 1-2: Foul Ball, location: 2F 1-2: Fly out, F3 (Flyball, 34D, EV 87.5 MPH)
|
|
Batting: LHB Jack Christie
|
0-0: Called Strike 0-1: Fly out, F8 (Flyball, 8RD, EV 106.9 MPH)
|
|
Batting: SHB Dan Lash
|
0-0: Ball 1-0: Ball 2-0: Called Strike 2-1: Ball 3-1: Base on Balls
|
|
Batting: RHB Steve Castleberry
|
0-0: Foul Ball, location: 2F 0-1: Swinging Strike 0-2: Ball 1-2: Ball 2-2: Strikes out swinging
|
| Bottom of the 2nd over - 0 runs, 0 hits, 0 errors, 1 left on base; Texas 0 - Chicago 0 |
| TOP OF THE 3RD |
|
Texas Rangers batting - Pitching for Chicago White Sox : RHP Jacob Taylor
|
|
Batting: LHB Andy Bowman
|
0-0: Fly out, F8 (Flyball, 8RXD, EV 103.1 MPH)
|
|
Batting: RHB Cody Flowers
|
0-0: Ball 1-0: Called Strike 1-1: SINGLE (Line Drive, 5, EV 70.0 MPH) (infield hit)
|
|
Batting: SHB Jun Tsuda
|
0-0: Called Strike 0-1: Called Strike 0-2: Ball 1-2: Ball 2-2: Fielders Choice at 2nd, 5-4 (Groundball, 6, EV 106.2 MPH)
|
|
Batting: LHB Sean Geisler
|
0-0: Ground out 4-3 (Groundball, 4, EV 81.9 MPH)
|
| Top of the 3rd over - 0 runs, 1 hit, 0 errors, 1 left on base; Texas 0 - Chicago 0 |
| BOTTOM OF THE 3RD |
|
Chicago White Sox batting - Pitching for Texas Rangers : RHP Hector Aguado
|
|
Batting: LHB Brian Feher
|
0-0: Swinging Strike 0-1: Ball 1-1: Ball 2-1: Swinging Strike 2-2: Strikes out looking and he physically ARGUES THE CALL AND IS TOSSED!
|
|
Batting: RHB Leo Navarro
|
0-0: Ball 1-0: Ball 2-0: Ball 3-0: Base on Balls
|
|
Batting: LHB Sidney Pedder
|
0-0: Called Strike 0-1: Ball 1-1: Foul Ball, location: 2F 1-2: Ball 2-2: Fielders Choice at 2nd, 4-6 (Groundball, 4, EV 88.8 MPH)
|
|
Batting: SHB Cesar Herrera
|
0-0: Ball 1-0: Foul Ball, location: 2F 1-1: 2-RUN HOME RUN (Flyball, 78XD, EV 106.9 MPH), Distance : 410 ft
|
|
Batting: LHB Randy Rosenberry
|
0-0: Ball 1-0: Ball 2-0: Called Strike 2-1: Foul Ball, location: 2F 2-2: Foul Ball, location: 2F 2-2: Strikes out swinging
|
| Bottom of the 3rd over - 2 runs, 1 hit, 0 errors, 0 left on base; Texas 0 - Chicago 2 |
| TOP OF THE 4TH |
|
Texas Rangers batting - Pitching for Chicago White Sox : RHP Jacob Taylor
|
|
Now in LF: Chris Cooper
|
|
|
Batting: SHB John Giesbrecht
|
0-0: Called Strike 0-1: Ground out 5-3 (Groundball, 56, EV 106.9 MPH)
|
|
Batting: SHB Moe Lester
|
0-0: Ball 1-0: Ball 2-0: Called Strike 2-1: Foul Ball, location: 2F 2-2: SINGLE (Groundball, P, EV 90.0 MPH) (infield hit)
|
|
Batting: RHB Butch Kaiser
|
0-0: DOUBLE (Line Drive, 7LS, EV 106.9 MPH) Moe Lester to third Runner from 3rd tries for Home, throw by LF and OUT! 7-6-2
|
|
Batting: LHB Cody Schumacher
|
0-0: Ball 1-0: Swinging Strike 1-1: Fly out, F3 (Popup, 3SF, EV 81.9 MPH)
|
| Top of the 4th over - 0 runs, 2 hits, 0 errors, 1 left on base; Texas 0 - Chicago 2 |
| BOTTOM OF THE 4TH |
|
Chicago White Sox batting - Pitching for Texas Rangers : RHP Hector Aguado
|
|
Batting: SHB Junzo Kato
|
0-0: Ball 1-0: Foul Ball, location: 2F 1-1: Foul Ball, location: 2F 1-2: Strikes out swinging
|
|
Batting: LHB Jack Christie
|
0-0: Called Strike 0-1: SINGLE (Groundball, 34D, EV 104.4 MPH)
|
|
Batting: SHB Dan Lash
|
0-0: Ball 1-0: Fly out, F9 (Line Drive, 9, EV 98.8 MPH)
|
|
Batting: RHB Steve Castleberry
|
0-0: Ball 1-0: Ball 2-0: Foul Ball, location: 2F 2-1: SINGLE (Line Drive, 7S, EV 100.0 MPH) Jack Christie to second
|
|
Batting: RHB Chris Cooper
|
0-0: Called Strike 0-1: Ball 1-1: Ball 2-1: 3-RUN HOME RUN (Line Drive, 7D, EV 97.5 MPH), Distance : 387 ft
|
|
Pitching: RHP Dustin Noriega
|
|
|
Batting: RHB Leo Navarro
|
0-0: Called Strike 0-1: Ground out 6-3 (Groundball, 6MS, EV 68.1 MPH)
|
| Bottom of the 4th over - 3 runs, 3 hits, 0 errors, 0 left on base; Texas 0 - Chicago 5 |
| TOP OF THE 5TH |
|
Texas Rangers batting - Pitching for Chicago White Sox : RHP Jacob Taylor
|
|
Batting: RHB Ray Llewellyn
|
0-0: Ball 1-0: Foul Ball, location: 2F 1-1: Foul Ball, location: 2F 1-2: Strikes out looking
|
|
Batting: LHB Andy Bowman
|
0-0: Ball 1-0: Foul Ball, location: 2F 1-1: Fly out, F7 (Flyball, 7, EV 76.2 MPH)
|
|
Batting: RHB Cody Flowers
|
0-0: Foul Ball, location: 2F 0-1: Called Strike 0-2: Strikes out swinging
|
| Top of the 5th over - 0 runs, 0 hits, 0 errors, 0 left on base; Texas 0 - Chicago 5 |
| BOTTOM OF THE 5TH |
|
Chicago White Sox batting - Pitching for Texas Rangers : RHP Dustin Noriega
|
|
Batting: LHB Sidney Pedder
|
0-0: Foul Ball, location: 2F 0-1: Ball 1-1: SINGLE (Groundball, 4MD, EV 100.6 MPH)
|
|
Batting: SHB Cesar Herrera
|
0-0: Called Strike Sidney Pedder steals 2nd base 0-1: Ball 1-1: Foul Ball, location: 2F 1-2: Ball 2-2: SINGLE (Groundball, 6M, EV 103.1 MPH) (infield hit) Sidney Pedder to third
|
|
Batting: LHB Randy Rosenberry
|
0-0: Ball Cesar Herrera steals 2nd base 1-0: 3-RUN HOME RUN (Flyball, 89XD, EV 101.9 MPH), Distance : 403 ft
|
|
Batting: SHB Junzo Kato
|
0-0: Ball 1-0: Fly out, F9 (Flyball, 9S, EV 83.1 MPH)
|
|
Batting: LHB Jack Christie
|
0-0: DOUBLE (Line Drive, 78M, EV 102.5 MPH)
|
|
Batting: SHB Dan Lash
|
0-0: Ball 1-0: Ball 2-0: Called Strike 2-1: Ball 3-1: Ground out U3 (Groundball, 34S, EV 88.1 MPH) Jack Christie to third
|
|
Batting: RHB Steve Castleberry
|
0-0: Ball 1-0: Reached on error, E5 (Groundball, 56, EV 82.5 MPH) Jack Christie scores
|
|
Batting: RHB Chris Cooper
|
0-0: Called Strike 0-1: Swinging Strike 0-2: Fly out, F6 (Line Drive, 6, EV 61.9 MPH)
|
| Bottom of the 5th over - 4 runs, 4 hits, 1 error, 1 left on base; Texas 0 - Chicago 9 |
| TOP OF THE 6TH |
|
Texas Rangers batting - Pitching for Chicago White Sox : RHP Jacob Taylor
|
|
Batting: SHB Jun Tsuda
|
0-0: Ball 1-0: Called Strike 1-1: Ball 2-1: Fly out, F8 (Flyball, 89D, EV 83.8 MPH)
|
|
Batting: LHB Sean Geisler
|
0-0: Ball 1-0: Ball 2-0: Foul Ball, location: 2F 2-1: Ball 3-1: Foul Ball, location: 2F 3-2: Ground out 4-3 (Groundball, 4, EV 105.0 MPH)
|
|
Batting: SHB John Giesbrecht
|
0-0: Ground out 6-3 (Groundball, 6, EV 82.5 MPH)
|
| Top of the 6th over - 0 runs, 0 hits, 0 errors, 0 left on base; Texas 0 - Chicago 9 |
| BOTTOM OF THE 6TH |
|
Chicago White Sox batting - Pitching for Texas Rangers : RHP Dustin Noriega
|
|
Batting: RHB Leo Navarro
|
0-0: Ball 1-0: Called Strike 1-1: Ball 2-1: Swinging Strike 2-2: Strikes out swinging, 2-3 out at first.
|
|
Batting: LHB Sidney Pedder
|
0-0: Foul Ball, location: 2F 0-1: Foul Ball, location: 2F 0-2: Ball 1-2: Ball 2-2: Ball 3-2: Fly out, F9 (Flyball, 89S, EV 92.5 MPH)
|
|
Batting: SHB Cesar Herrera
|
0-0: Foul Ball, location: 2F 0-1: Fly out, F8 (Flyball, 8LD, EV 90.0 MPH)
|
| Bottom of the 6th over - 0 runs, 0 hits, 0 errors, 0 left on base; Texas 0 - Chicago 9 |
| TOP OF THE 7TH |
|
Texas Rangers batting - Pitching for Chicago White Sox : RHP Jacob Taylor
|
|
Pitching: RHP Allen Speidel
|
|
|
Batting: SHB Moe Lester
|
0-0: Called Strike 0-1: Foul Ball, location: 2F 0-2: Strikes out swinging
|
|
Batting: RHB Butch Kaiser
|
0-0: SINGLE (Groundball, 56D, EV 94.4 MPH)
|
|
Batting: LHB Cody Schumacher
|
0-0: Ball Butch Kaiser steals 2nd base (no throw) 1-0: Ball 2-0: Called Strike 2-1: Foul Ball, location: 2F 2-2: Foul Ball, location: 2F 2-2: Strikes out swinging
|
|
Batting: RHB Ray Llewellyn
|
0-0: Called Strike 0-1: Ball 1-1: Foul Ball, location: 2F 1-2: Ball 2-2: Strikes out swinging
|
| Top of the 7th over - 0 runs, 1 hit, 0 errors, 1 left on base; Texas 0 - Chicago 9 |
| BOTTOM OF THE 7TH |
|
Chicago White Sox batting - Pitching for Texas Rangers : RHP Dustin Noriega
|
|
Batting: LHB Randy Rosenberry
|
0-0: Ball 1-0: Ball 2-0: Ball 3-0: Base on Balls
|
|
Batting: SHB Junzo Kato
|
0-0: Ball 1-0: Ball 2-0: Ball 3-0: Called Strike 3-1: Base on Balls Randy Rosenberry to second
|
|
Batting: LHB Jack Christie
|
0-0: Called Strike 0-1: Ball 1-1: Foul Ball, location: 2F 1-2: Ball 2-2: Foul Ball, location: 2F 2-2: 3-RUN HOME RUN (Flyball, 7D, EV 96.2 MPH), Distance : 354 ft
|
|
Pitching: LHP Jon Valdovinos
|
|
|
Batting: SHB Dan Lash
|
0-0: Called Strike 0-1: Ball 1-1: Ball 2-1: Foul Ball, location: 2F 2-2: Ball 3-2: Base on Balls
|
|
Batting: RHB Steve Castleberry
|
0-0: Foul Ball, location: 2F 0-1: Foul Ball, location: 2F 0-2: Strikes out swinging
|
|
Batting: RHB Chris Cooper
|
0-0: Ball 1-0: Fly out, F8 (Flyball, 8RM, EV 96.9 MPH)
|
|
Batting: RHB Leo Navarro
|
0-0: Ball 1-0: Foul Ball, location: 2F 1-1: Ball 2-1: Foul Ball, location: 2F 2-2: Ball 3-2: Ground out 6-3 (Groundball, 6, EV 86.9 MPH)
|
| Bottom of the 7th over - 3 runs, 1 hit, 0 errors, 1 left on base; Texas 0 - Chicago 12 |
| TOP OF THE 8TH |
|
Texas Rangers batting - Pitching for Chicago White Sox : RHP Allen Speidel
|
|
Batting: LHB Andy Bowman
|
0-0: Called Strike 0-1: Called Strike 0-2: Ball 1-2: Foul Ball, location: 2F 1-2: Ball 2-2: Foul Ball, location: 2F 2-2: Ball 3-2: Base on Balls
|
|
Batting: RHB Cody Flowers
|
0-0: Ball 1-0: Called Strike 1-1: Ball 2-1: Foul Ball, location: 2F 2-2: Ball 3-2: Foul Ball, location: 2F 3-2: Strikes out swinging Andy Bowman steals 2nd base (no throw) Batter strikes out.
|
|
Batting: SHB Jun Tsuda
|
0-0: Ball 1-0: Ball 2-0: Called Strike 2-1: Swinging Strike 2-2: Ball Balk! Andy Bowman to third 3-2: Strikes out looking
|
|
Pinch Hitting: LHB Josh Stuck
|
0-0: Ball 1-0: Called Strike 1-1: Ball 2-1: Ball 3-1: Foul Ball, location: 2F 3-2: Strikes out swinging
|
| Top of the 8th over - 0 runs, 0 hits, 0 errors, 1 left on base; Texas 0 - Chicago 12 |
| BOTTOM OF THE 8TH |
|
Chicago White Sox batting - Pitching for Texas Rangers : LHP Jon Valdovinos
|
|
Now at 1B: Josh Stuck
|
|
|
Batting: LHB Sidney Pedder
|
0-0: Called Strike 0-1: Ball 1-1: Ball 2-1: Swinging Strike 2-2: Foul Ball, location: 2F 2-2: Foul Ball, location: 2F 2-2: Strikes out swinging
|
|
Batting: SHB Cesar Herrera
|
0-0: Ball 1-0: Called Strike 1-1: Swinging Strike 1-2: Ball 2-2: Ground out 6-3 (Groundball, 6, EV 86.2 MPH)
|
|
Batting: LHB Randy Rosenberry
|
0-0: Called Strike 0-1: Fly out, F3 (Line Drive, 34, EV 73.8 MPH)
|
| Bottom of the 8th over - 0 runs, 0 hits, 0 errors, 0 left on base; Texas 0 - Chicago 12 |
| TOP OF THE 9TH |
|
Texas Rangers batting - Pitching for Chicago White Sox : RHP Allen Speidel
|
|
Batting: SHB John Giesbrecht
|
0-0: Called Strike 0-1: Ball 1-1: Foul Ball, location: 2F 1-2: Strikes out swinging
|
|
Pitching: LHP Rhett Beers
|
|
|
Batting: SHB Moe Lester
|
0-0: Ball 1-0: Called Strike 1-1: Ball 2-1: Called Strike 2-2: Ground out 6-3 (Groundball, 6, EV 83.8 MPH)
|
|
Batting: RHB Butch Kaiser
|
0-0: Foul Ball, location: 2F 0-1: Foul Ball, location: 2F 0-2: Strikes out looking
|
| Top of the 9th over - 0 runs, 0 hits, 0 errors, 0 left on base; Texas 0 - Chicago 12 |
|